 Dungeon Crawl Stone Soup version 0.19-a0-1395-g1491b20 (webtiles) character file.

83411 PurpleRed the Devastator (level 15, 0/78 HPs)
             Began as a Deep Elf Conjurer on Sept 3, 2016.
             Was the Champion of Vehumet.
             Shot with an arrow by a deep elf master archer (9 damage)
             ... on level 3 of the Elven Halls.
             The game lasted 02:23:26 (9718 turns).

PurpleRed the Devastator (Deep Elf Conjurer)        Turns: 9718, Time: 02:23:27

Health: 0/78       AC: 16    Str:  5    XL:     15   Next: 32%
Magic:  2/37       EV: 17    Int: 27    God:    Vehumet [******]
Gold:   92         SH:  4    Dex: 15    Spells: 10 memorised, 13 levels left

rFire  . . .     SeeInvis .     a - staff of energy
rCold  . . .     Gourm    .     R - +3 ring mail of the Snake Pit {Regen+}
rNeg   . . .     Faith    .     (no shield)
rPois  +         Spirit   .     j - +1 helmet
rElec  .         Dismiss  .     (no cloak)
rCorr  .         Reflect  +     O - +2 pair of gloves
MR     +....     Harm     .     b - +2 pair of boots {run}
Stlth  +.........               K - +4 amulet of reflection
                                u - +5 ring of evasion
                                T - ring of poison resistance

@: very slightly contaminated, quick
A: no striking features
a: Renounce Religion


You were on level 3 of the Elven Halls.
You worshipped Vehumet.
Vehumet was exalted by your worship.
You were not hungry.

You visited 5 branches of the dungeon, and saw 24 of its levels.

You collected 1549 gold pieces.
You spent 1457 gold pieces at shops.

Inventory:

Hand Weapons
 e - a +2 dagger of protection
 y - a +0 demon blade
 U - a +2 demon trident of venom
 Y - a +2 scimitar of flaming
Missiles
 d - 2 throwing nets (quivered)
Armour
 b - a +2 pair of boots of running (worn)
 j - a +1 helmet (worn)
 q - a +2 robe of positive energy
 x - a +0 buckler
 O - a +2 pair of gloves (worn)
 R - the +3 ring mail of the Snake Pit (worn) {Regen+}
   (You found it on level 6 of the Lair of Beasts)

   It increases your rate of regeneration.
Magical Staves
 a - an uncursed staff of energy (weapon)
Jewellery
 f - an uncursed ring of see invisible
 u - a +5 ring of evasion (right hand)
 K - a +4 amulet of reflection (around neck)
 S - an uncursed ring of flight
 T - a ring of poison resistance (left hand)
Wands
 h - a wand of random effects (23/48)
 t - a wand of flame (24/48)
 G - a wand of acid (0/15)
 W - a wand of paralysis (16/24)
Scrolls
 k - 2 scrolls of identify
 r - a scroll of teleportation
 v - 3 scrolls of enchant armour
 B - a scroll of fog
 C - a scroll of remove curse
 N - a scroll of magic mapping
 P - 2 scrolls of amnesia
 Q - a scroll of immolation
Potions
 g - 2 potions of berserk rage
 i - a potion of agility
 n - 2 potions of brilliance
 o - 2 potions of lignification
 s - a potion of haste
 w - a potion of curing
 z - a potion of flight
 F - 2 potions of magic
 I - 2 potions of might
 L - 2 potions of cancellation
Miscellaneous
 V - a box of beasts
Comestibles
 c - 5 bread rations
 l - a beef jerky
 m - 6 meat rations
 H - 4 slices of pizza


   Skills:
 - Level 3.1 Fighting
 - Level 6.9 Dodging
 - Level 2.4 Stealth
 + Level 3.8 Shields
 - Level 16.6 Spellcasting
 - Level 18.7 Conjurations
 - Level 8.0 Charms
 * Level 12.3 Fire Magic
 - Level 7.0 Evocations


You had 13 spell levels left.
You knew the following spells:

 Your Spells              Type           Power        Failure   Level  Hunger
a - Magic Dart            Conj           ####         0%          1    None
b - Searing Ray           Conj           ######       0%          2    None
c - Iskenderun's Mystic   Conj           #######.     1%          4    None
d - Iskenderun's Battles  Conj/Chrm      #######.     1%          5    None
e - Fireball              Conj/Fire      #######...   1%          5    None
f - Delayed Fireball      Conj/Fire      N/A          4%          7    None
g - Bolt of Fire          Conj/Fire      #######...   1%          6    None
h - Ring of Flames        Chrm/Fire      ######....   98%         7    None
i - Animate Skeleton      Necr           N/A          12%         1    None
j - Apportation           Tloc           ###.......   12%         1    None


Dungeon Overview and Level Annotations

Branches:
Dungeon (12/15)            Temple (1/1) D:5            Lair (6/6) D:11
 Shoals (0/4) Lair:4       Spider (0/4) Lair:4        Slime (0/5) Lair:6
    Orc (2/2) D:11            Elf (3/3) Orc:2

Altars:
Ashenzari
Dithmenos
Elyvilon
Fedhas
Gozag
Hepliaklqana
Makhleb
Okawaru
Qazlal
Ru
Vehumet
Zin
The Shining One
Beogh
Jiyva

Shops:
D:4 [:(}[   D:8 *[%}!   Orc:1 [   Orc:2 [?:*   Elf:1 (

Portals:
Hell: Lair:6
Pandemonium: Orc:2

Annotations:
D:5 Pikel


Message History

A deep elf master archer opens the door.
The deep elf master archer shoots an arrow.
The arrow hits you!
Casting: Fireball
Confirm with . or Enter, or press ? or * to list all spells.
Aiming: Fireball
Press: ? - help, Shift-Dir - straight line, f - deep elf master archer
Aim: a deep elf master archer, wielding a longbow, wearing a glowing plate armour and wearing a translucent platinum ring (severely wounded, fast)
The fireball explodes!
The fireball engulfs the deep elf master archer.
The deep elf master archer is almost dead.
You hear a shout!
The deep elf master archer shoots an arrow.
The arrow closely misses you.
The deep elf master archer shoots an arrow.
The arrow hits you!!
* * * LOW HITPOINT WARNING * * *
The deep elf master archer shoots an arrow.
The arrow hits you!
You die...

≈e≈≈...#.* *,*#...#..#≈≈...)#.#*
≈.≈≈.....***,*#...'..#≈≈(....#*
≈.≈≈...#**,,,*#...#..#≈≈.(..##
≈.≈≈...# *,,,*#...#..#≈≈.....#*
#e#***** *,,,*#...#..#≈≈....#.#**
#)#*******+***#..(#..'......##+,,
#.#*,,,,,,,,,*#...#..(.....(##..P
#.#*,,,,,,,,,*#...#..).[((.##..PP
#.#*,,,,,,,,,*#.@.#..#≈≈...#..PPP
#)#*,,,,,,,,,*#'###..#≈≈...#.PPPP
#.##**********#e..#..#≈≈...#.PPPP
...## #...#..#≈≈...#.PPPP
.#Ze###########...#..#≈≈...#..PPP
###.[)§(..........'..#≈≈...##..PP
###############...#..#≈≈....##..P
......#..........##''#≈≈≈,,,***,,
......'.........##...#*≈≈,,,* ***


You could see a deep elf master archer.

Vanquished Creatures
  A deep elf blademaster (Elf:3)
  Donald (Orc:2)
  An orc warlord (Orc:1)
  A deep elf sorcerer (Elf:3)
  A deep elf elementalist (Elf:3)
  5 deep elf demonologists (Elf:3)
  2 dire elephants (Lair:6)
  3 deep elf annihilators
  2 deep elf death magi
  A deep elf high priest (Elf:3)
  4 hydras (Lair:6)
  Erica (Orc:1)
  4 dancing weapons
  5 orc high priests (Orc:2)
  7 deep elf knights
  A sun demon (Lair:6)
  2 sixfirhies
  A small abomination (Elf:3)
  2 infernal demonspawn (Orc:2)
  An unseen horror (D:12)
  The ghost of alcopop the Jinx, a novice SpEn of Kikubaaqudgha (D:11)
  A hill giant (D:10)
  9 deep elf archers
  A wizard (Lair:6)
  A putrid demonspawn (Orc:2)
  A torturous demonspawn (Orc:2)
  22 deep elf magi
  2 griffons (Lair:6)
  6 orc knights
  6 orc sorcerers (Orc:2)
  4 black mambas
  A manticore (D:11)
  Joseph (D:8)
  3 orange demons (Lair:6)
  11 spiny frogs
  A smoke demon (Lair:6)
  3 komodo dragons
  5 red devils
  2 trolls (Orc:1)
  2 ice devils (Lair:6)
  A two-headed ogre (D:9)
  4 blink frogs (Lair:6)
  An air elemental (Elf:1)
  A ynoxinul (Orc:2)
  A redback (shapeshifter) (Elf:1)
  2 wyverns
  2 basilisks (Lair:6)
  A water elemental (Elf:1)
  Eustachio (D:6)
  16 yaks
  A fire elemental (Elf:2)
  Grum (D:11)
  5 hippogriffs
  A hungry ghost (D:11)
  A mottled dragon (D:11)
  Edmund (D:6)
  5 wargs
  6 water moccasins
  3 porcupines (Lair:5)
  49 orc warriors
  3 sky beasts
  A swamp drake (D:11)
  A black bear (D:8)
  An eye of draining (D:11)
  3 ice beasts
  2 phantoms (D:9)
  5 centaurs
  9 ogres
  9 wolves
  A big kobold (D:10)
  3 crocodiles
  An earth elemental (Elf:2)
  10 giant frogs
  3 scorpions
  3 killer bees (D:8)
  3 wights (D:11)
  An electric eel (Lair:5)
  3 crimson imps
  2 centaur zombies
  A centaur skeleton (D:6)
  A hound (D:7)
  A quasit (D:10)
  2 jellies
  26 orc priests
  23 orc wizards
  2 iguanas
  5 worker ants
  2 hound skeletons (D:9)
  A worker ant zombie (D:11)
  3 gnolls
  9 adders
  9 river rats
  3 shadow imps
  An adder skeleton (D:9)
  A worm (D:6)
  2 giant geckos
  103 orcs
  17 bats
  3 giant cockroaches
  5 goblins
  A hobgoblin (D:1)
  12 jackals (D:9)
  7 kobolds (D:10)
  A quokka skeleton (D:4)
  7 rats (D:11)
544 creatures vanquished.

Vanquished Creatures (others)
  9 fungi (D:11)
  10 plants
19 creatures vanquished.

Grand Total: 563 creatures vanquished

Notes
Turn   | Place    | Note
-------+----------+-------------------------------------------
     0 | D:1      | PurpleRed the Deep Elf Conjurer began the quest for the Orb.
     0 | D:1      | Reached XP level 1. HP: 10/10 MP: 6/6
    64 | D:1      | Found a shattered altar of Ashenzari.
    98 | D:1      | Reached XP level 2. HP: 4/15 MP: 0/8
   104 | D:1      | Learned a level 2 spell: Searing Ray
   132 | D:1      | You fall through a shaft!
   187 | D:3      | Reached skill level 5 in Conjurations
   210 | D:4      | Noticed Edmund
   211 | D:4      | Found Ziurhiwu's Book Shoppe.
   252 | D:4      | Reached XP level 3. HP: 15/19 MP: 1/10
   372 | D:4      | Found Goxzutug's Weapon Shop.
   414 | D:4      | Found Yleseid's Armour Shoppe.
   437 | D:4      | Found a blossoming altar of Fedhas.
   511 | D:4      | Noticed a scorpion
   518 | D:4      | Killed a scorpion
   518 | D:4      | Reached skill level 6 in Conjurations
   518 | D:4      | Reached XP level 4. HP: 24/24 MP: 6/12
   544 | D:4      | Found Zeas's Gadget Shop.
   600 | D:4      | Found Lerchozok's Armour Boutique.
   634 | D:5      | Entered Level 5 of the Dungeon
   635 | D:5      | Found a staircase to the Ecumenical Temple.
   641 | Temple   | Entered the Ecumenical Temple
   666 | Temple   | Became a worshipper of Vehumet
   689 | D:5      | Noticed a centaur
   708 | D:5      | Killed a centaur
   708 | D:5      | Reached skill level 5 in Spellcasting
   708 | D:5      | Reached XP level 5. HP: 21/28 MP: 8/14
   716 | D:5      | Learned a level 4 spell: Iskenderun's Mystic Blast
   722 | D:5      | Learned a level 5 spell: Iskenderun's Battlesphere
   736 | D:5      | Reached skill level 7 in Conjurations
   746 | D:5      | Noticed a slave
   747 | D:5      | Noticed Pikel
   747 | D:5      | Noticed a slave
   786 | D:5      | Reached skill level 1 in Charms
   786 | D:5      | Reached XP level 6. HP: 32/32 MP: 10/15
  1019 | D:6      | Reached XP level 7. HP: 15/36 MP: 10/17
  1075 | D:6      | Noticed Eustachio
  1101 | D:6      | Killed Eustachio
  1101 | D:6      | Reached skill level 8 in Conjurations
  1344 | D:8      | Found Abbuf's Distillery.
  1347 | D:8      | Bought a potion of curing for 39 gold pieces
  1362 | D:8      | Found Yphic's Gadget Boutique.
  1372 | D:8      | Reached skill level 9 in Conjurations
  1372 | D:8      | Reached skill level 5 in Charms
  1372 | D:8      | Reached XP level 8. HP: 41/41 MP: 11/20
  1402 | D:9      | Reached * piety under Vehumet
  1402 | D:9      | Offered knowledge of Sandblast by Vehumet.
  1514 | D:9      | Noticed a two-headed ogre
  1519 | D:9      | Killed a two-headed ogre
  1585 | D:9      | Reached skill level 10 in Conjurations
  1672 | D:8      | Noticed Joseph
  1692 | D:8      | Killed Joseph
  1712 | D:8      | Found Lim Ibby's Assorted Antiques.
  1720 | D:8      | Reached XP level 9. HP: 29/45 MP: 3/23
  1740 | D:8      | Bought a scroll labeled YMUEMMUGAM for 30 gold pieces
  1740 | D:8      | Bought a scroll labeled DAITIZ IPPIPP for 30 gold pieces
  1859 | D:8      | Found Vularoff's Antique Armour Emporium.
  1927 | D:8      | Found Qysaxta's Food Boutique.
  1992 | D:8      | You fall through a shaft!
  2091 | D:9      | Reached ** piety under Vehumet
  2091 | D:9      | Offered knowledge of Freeze by Vehumet.
  2102 | D:9      | Reached skill level 11 in Conjurations
  2131 | D:10     | Entered Level 10 of the Dungeon
  2374 | D:8      | Bought a pair of glowing gloves for 135 gold pieces
  2520 | D:10     | Reached skill level 12 in Conjurations
  2583 | D:10     | Noticed a hill giant
  2592 | D:10     | Killed a hill giant
  2592 | D:10     | Reached skill level 10 in Spellcasting
  2592 | D:10     | Reached XP level 10. HP: 43/50 MP: 10/26
  2700 | D:10     | Offered knowledge of Ignite Poison by Vehumet.
  2840 | D:10     | Found a roughly hewn altar of Beogh.
  2855 | D:10     | Reached skill level 1 in Evocations
  2875 | D:10     | Reached *** piety under Vehumet
  3119 | D:11     | Noticed Grum
  3121 | D:11     | Reached skill level 13 in Conjurations
  3131 | D:11     | Killed Grum
  3184 | D:11     | Offered knowledge of Static Discharge by Vehumet.
  3205 | D:11     | Noticed alcopop's ghost (novice SpEn)
  3263 | D:11     | Found a stormy altar of Qazlal.
  3448 | D:12     | Noticed an unseen horror
  3454 | D:12     | Killed an unseen horror
  3492 | D:11     | Reached **** piety under Vehumet
  3560 | D:11     | Killed alcopop's ghost
  3560 | D:11     | Offered knowledge of Airstrike by Vehumet.
  3560 | D:11     | Reached XP level 11. HP: 51/54 MP: 15/28
  3568 | D:11     | Reached skill level 14 in Conjurations
  3590 | D:11     | Found a staircase to the Lair.
  3763 | D:11     | Reached skill level 5 in Evocations
  3768 | D:11     | Found a staircase to the Orcish Mines.
  3879 | Orc:1    | Entered Level 1 of the Orcish Mines
  3927 | D:11     | Reached ***** piety under Vehumet
  3987 | Lair:1   | Entered Level 1 of the Lair of Beasts
  3991 | Lair:1   | Offered knowledge of Irradiate by Vehumet.
  4637 | Lair:5   | Reached skill level 15 in Conjurations
  4683 | Lair:6   | Entered Level 6 of the Lair of Beasts
  4720 | Lair:6   | Noticed a four-headed hydra
  4724 | Lair:6   | Killed a four-headed hydra
  4799 | Lair:6   | Noticed a wizard
  4803 | Lair:6   | Killed a wizard
  4818 | Lair:6   | Noticed a dire elephant
  5009 | Lair:6   | Reached XP level 12. HP: 45/59 MP: 21/31
  5043 | Lair:6   | Noticed a five-headed hydra
  5052 | Lair:6   | Killed a five-headed hydra
  5223 | Lair:6   | Reached skill level 16 in Conjurations
  5325 | Lair:6   | Killed a dire elephant
  5325 | Lair:6   | Reached skill level 5 in Dodging
  5394 | Lair:6   | Noticed a dire elephant
  5497 | Lair:6   | Killed a dire elephant
  5620 | Lair:6   | Noticed an eight-headed hydra
  5624 | Lair:6   | Killed an eight-headed hydra
  5663 | Lair:6   | Noticed a four-headed hydra
  5664 | Lair:6   | Killed a four-headed hydra
  5748 | Lair:6   | Got a smelly ring mail
  5763 | Lair:6   | Identified the +3 ring mail of the Snake Pit {Regen+} (You found it on level 6 of the Lair of Beasts)
  5825 | Lair:6   | Found a staircase to the Slime Pits.
  5825 | Lair:6   | Found a viscous altar of Jiyva.
  5902 | Lair:6   | Found a burning altar of Makhleb.
  5941 | Lair:6   | Reached skill level 17 in Conjurations
  5947 | Lair:6   | Offered knowledge of Poison Arrow by Vehumet.
  5983 | Lair:6   | Reached XP level 13. HP: 48/63 MP: 22/33
  6088 | Lair:6   | Found a gateway to Hell.
  6092 | Lair:6   | Reached skill level 1 in Fighting
  6400 | Orc:1    | Noticed an orc warlord
  6463 | Orc:1    | Noticed Erica
  6466 | Orc:1    | Killed an orc warlord
  6519 | Orc:1    | Killed Erica
  6695 | Orc:1    | Found a roughly hewn altar of Beogh.
  6734 | Orc:2    | Entered Level 2 of the Orcish Mines
  6734 | Orc:2    | Noticed Donald
  6747 | Orc:2    | Killed Donald
  6855 | Orc:2    | Reached skill level 15 in Spellcasting
  7184 | Orc:2    | Found a staircase to the Elven Halls.
  7302 | Orc:1    | Found Cipagh's Armour Boutique.
  7420 | Orc:2    | Reached skill level 18 in Conjurations
  7473 | Orc:2    | Reached ****** piety under Vehumet
  7483 | Orc:2    | Found Gamozyh's General Store.
  7500 | Orc:2    | Found Xisayrph's Magic Scroll Shop.
  7532 | Orc:2    | Bought a scroll of magic mapping for 52 gold pieces
  7793 | Orc:2    | Reached XP level 14. HP: 50/74 MP: 14/36
  7939 | Orc:2    | Found Avoridwo's Antique Armour Emporium.
  7939 | Orc:2    | Found Goxzutug's Book Shoppe.
  7939 | Orc:2    | Found a one-way gate leading to the halls of Pandemonium.
  8153 | D:6      | Killed Edmund
  8244 | D:4      | Bought a book of Fire for 650 gold pieces
  8250 | D:4      | Learned a level 5 spell: Fireball
  8258 | D:4      | Learned a level 7 spell: Delayed Fireball
  8265 | D:4      | Learned a level 6 spell: Bolt of Fire
  8273 | D:4      | Learned a level 7 spell: Ring of Flames
  8275 | D:4      | Learned a level 1 spell: Animate Skeleton
  8277 | D:4      | Learned a level 1 spell: Apportation
  8333 | D:4      | Bought a +2 pair of boots of running for 456 gold pieces
  8437 | D:8      | Bought a potion of heal wounds for 65 gold pieces
  8559 | Orc:1    | You fall through a shaft!
  8599 | Elf:1    | Entered Level 1 of the Elven Halls
  8611 | Elf:1    | Reached skill level 1 in Fire Magic
  8611 | Elf:1    | Offered knowledge of Venom Bolt by Vehumet.
  8616 | Elf:1    | Reached skill level 5 in Fire Magic
  8791 | Elf:1    | Identified the Volume of Attacks
  8895 | Elf:1    | Found Hyqog's Antique Weapon Shop.
  9032 | Elf:1    | Reached skill level 10 in Fire Magic
  9051 | Elf:1    | Reached skill level 1 in Shields
  9158 | Elf:3    | Entered Level 3 of the Elven Halls
  9388 | Elf:3    | Noticed a deep elf elementalist
  9391 | Elf:3    | Killed a deep elf elementalist
  9394 | Elf:3    | Noticed a deep elf sorcerer
  9394 | Elf:3    | Reached XP level 15. HP: 78/78 MP: 13/37
  9395 | Elf:3    | Killed a deep elf sorcerer
  9496 | Elf:3    | Noticed a deep elf blademaster
  9591 | Elf:3    | Killed a deep elf blademaster
  9697 | Elf:3    | Noticed a deep elf master archer
  9718 | Elf:3    | Shot with an arrow by a deep elf master archer

Vault maps used:
D:1:      dpeg_arrival_windows_large_door, evilmike_ruin_ashenzari
D:2:      serial_undead, serial_undead_a, serial_undead_d, serial_undead_c,
          serial_undead_c
D:3:      grunt_ministairs_4, trog_butcher_becter
D:4:      serial_shops, nicolae_shop_temple_entry_statues_fountains,
          kennysheep_mini_moat, shop, nicolae_shop_behind_doors, shop,
          first_bread, grunt_decor_cap, hangedman_abyss_or_decor_slice,
          tgw_fedhas, uniq_edmund
D:5:      minmay_crystal_water, grunt_ministairs_6, goddamned_bats, uniq_pikel
D:6:      uniq_eustachio
D:8:      serial_shops, nicolae_shop_stone, shop, nicolae_shop_behind_doors,
          nicolae_shop_statue_plus, kennysheep_mini, uniq_joseph, uniq_psyche
D:11:     grunt_lair_entry_orc_guard_hut, erik_orc_1, basic_altar, uniq_grum
Temple:   nicolae_temple_the_god_donut
Lair:1:   worms_lemuel
Lair:3:   grunt_forest_small_clearing_treed
Lair:4:   minmay_shoals_entry_lonely_mermaid, dummy_spider_entry
Lair:5:   boulder_dual_corridor_run, serial_bayou_ford_a
Lair:6:   evil_forest, slime_altar_1, grunt_megastairs_4
Orc:1:    nicolae_orc_accident_2, serial_shops, shop, enter_bailey_3, uniq_erica
Orc:2:    pf_orc_diabolical, uniq_donald
Elf:1:    eino_elf_arrival_the_gate, portal_desolation_entry_holy_temple,
          serial_shops, shop, nicolae_shop_waterfront, nicolae_shop_crystal,
          minmay_elf_annihilation, minmay_shoptagon
Elf:2:    serial_shops, shop
Elf:3:    elf_hall_gauntlet_narrow

Skill      XL: |  1  2  3  4  5  6  7  8  9 10 11 12 13 14 15 |
---------------+----------------------------------------------+-----
Conjurations   | 5 6 7 9 10 12 13 15 17 18 | 18.7
Spellcasting   | 4 5 6 8 10 11 13 14 16 | 16.6
Charms         | 1 3 5 7 8 |  8.0
Evocations     | 4 7 |  7.0
Dodging        | 6 |  6.9
Fighting       | 3 |  3.1
Fire Magic     | 11 12 | 12.3
Shields        | 2 3 |  3.8
Stealth        | |  2.4

Action                   |  1- 3 |  4- 6 |  7- 9 | 10-12 | 13-15 || total
-------------------------+-------+-------+-------+-------+-------++-------
Melee: Dagger            |     9 |       |    15 |     2 |       ||    26
       Short sword       |       |       |       |    18 |       ||    18
       Staff             |       |       |       |     6 |     1 ||     7
 Fire: Shortbow          |       |       |     1 |       |       ||     1
       Hunting sling     |       |       |     3 |       |       ||     3
Throw: Throwing net      |       |       |       |       |     1 ||     1
 Cast: Magic Dart        |    18 |     7 |   112 |   315 |   161 ||   613
       Searing Ray       |     7 |    11 |     9 |    18 |     3 ||    48
       Iskenderun's Myst |       |     1 |     8 |    57 |   143 ||   209
       Iskenderun's Batt |       |       |    24 |    75 |    73 ||   172
       Fireball          |       |       |       |       |    87 ||    87
       Animate Skeleton  |       |       |       |       |     7 ||     7
       Delayed Fireball  |       |       |       |       |     1 ||     1
       Bolt of Fire      |       |       |       |       |     1 ||     1
 Abil: Evoke Flight      |       |       |       |       |     1 ||     1
       Release Delayed F |       |       |       |       |     1 ||     1
Evoke: Staff of energy   |       |       |       |    93 |   235 ||   328
       Wand              |       |       |       |       |     3 ||     3
  Use: Scroll            |     4 |     2 |    16 |    12 |     7 ||    41
       Potion            |       |     1 |     1 |     5 |     5 ||    12
  Eat: Chunk             |       |       |     9 |    13 |    19 ||    41
       Royal jelly       |       |       |     1 |     1 |       ||     2
       Fruit             |       |       |       |     1 |     4 ||     5
       Beef jerky        |       |       |       |       |     1 ||     1
Armor: Robe              |     8 |       |     9 |    18 |       ||    35
       Ring mail         |       |       |       |     5 |    24 ||    29
Dodge: Dodged            |    38 |     8 |    79 |   109 |    49 ||   283
Block: Other             |       |       |       |    10 |    10 ||    20
       Reflection        |       |       |       |       |     1 ||     1
